 Dungeon Crawl Stone Soup version 0.25-a0-577-ga4619f409e (webtiles) character file.

Game seed: 12364317711957114966, levelgen mode: deterministic

2034 Flugslaktarn the Cleaver (level 9, 23/79 (81) HPs)
             Began as a Deep Dwarf Fighter on Mar 2, 2020.
             Quit the game on level 7 of the Dungeon.
             The game lasted 00:02:13 (3170 turns).

Flugslaktarn the Cleaver (Deep Dwarf Fighter)       Turns: 3170, Time: 00:02:13

HP:   23/79 (81)    AC: 13    Str: 22    XL:     9   Next: 3%
MP:   5/5           EV:  5    Int: 10    God:
Gold: 243           SH: 11    Dex: 12    Spells: 8/8 levels left

rFire    . . .     SeeInvis .   a - +0 war axe
rCold    + . .     Gourm    .   g - +0 kite shield
rNeg     . . .     Faith    .   n - +0 plate armour
rPois    .         Spirit   .   (no helmet)
rElec    .         Reflect  .   j - scarf {repulsion}
rCorr    .         Harm     .   (no gloves)
MR       +....                  (no boots)
Stlth    ..........             (no amulet)
HPRegen  0.00/turn              c - ring of protection from cold
MPRegen  0.09/turn              (no ring)

@: non-regenerating, diseased, repel missiles
A: damage resistance, heal wounds, sense surroundings 2, no regeneration
a: Heal Wounds


You were on level 7 of the Dungeon.
You were not hungry.

You visited 2 branches of the dungeon, and saw 8 of its levels.

You collected 243 gold pieces.

Inventory:

Hand Weapons
 a - a +0 war axe (weapon)
Armour
 b - a +0 scale mail
 g - a +0 kite shield (worn)
 i - a +0 chain mail
   (You found it on level 4 of the Dungeon)
 j - a scarf of repulsion (worn)
   (You found it on level 4 of the Dungeon)
 n - a +0 plate armour (worn)
   (You found it on level 6 of the Dungeon)
Jewellery
 c - a ring of protection from cold (left hand)
   (You took it off a goblin on level 1 of the Dungeon)
 w - an uncursed ring of fire {unknown}
   (You found it on level 7 of the Dungeon)
 A - an uncursed ring of protection from magic {unknown}
   (You found it on level 7 of the Dungeon)
Scrolls
 h - 2 scrolls of fear {unknown}
 k - 3 scrolls of identify {unknown}
 l - a scroll of random uselessness {unknown}
 r - a scroll of magic mapping {unknown}
 t - 3 scrolls of teleportation
 u - a scroll of enchant armour {unknown}
 x - 4 scrolls of remove curse
 y - a scroll of acquirement {unknown}
 z - a scroll of amnesia {unknown}
Potions
 d - 3 potions of might
 f - a potion of mutation {unknown}
 m - 2 potions of curing {unknown}
 o - 2 potions of heal wounds {unknown}
 p - a potion of stabbing {unknown}
 q - 2 potions of magic {unknown}
 v - a potion of haste {unknown}
Comestibles
 e - 8 rations


   Skills:
 + Level 5.5 Fighting
 * Level 8.5 Axes
 + Level 6.6 Armour
 + Level 6.6 Shields


You had 8 spell levels left.
You didn't know any spells.
Your spell library was empty.

Dungeon Overview and Level Annotations

Branches:
Dungeon (7/15)             Temple (1/1) D:4

Altars:
Ashenzari
Cheibriados
Elyvilon
Fedhas
Gozag
Hepliaklqana
Kikubaaqudgha
Nemelex Xobeh
Qazlal
Ru
Trog
Uskayaw
Vehumet
Wu Jian
Xom
Yredelemnul
Zin
The Shining One

Annotations:
D:4 2 transporters, utis's ghost, novice TeAM


Innate Abilities, Weirdness & Mutations

You are resistant to damage.
You can heal yourself by infusing magical energy.
You passively map the area around you.
You do not regenerate.


Message History

The hornet zombie is almost destroyed.
You hit the bush but do no damage.
The hornet zombie hits you but does no damage.
The hornet zombie hits you!
* * * LOW HITPOINT WARNING * * *
You slash the hornet zombie!
You destroy the hornet zombie!
You have reached level 9!
Your experience leads to an increase in your attributes!
Increase (S)trength, (I)ntelligence, or (D)exterity?
You feel stronger.
Your attunement to dungeon structure grows.
You hit the bush.
Search for what [Enter for "axe", or ? for help]? mak Can't find anything matching that.
Okay, then.
Are you sure you want to abandon this character and quit the game? (Confirm with "yes".)
Okay, then.
Unknown command.
Are you sure you want to abandon this character and quit the game? (Confirm with "yes".)

......>..........#
...#####.........#########
##.#####.....<...........#
#..##............#######(#
..###.##......######## #.#
.## #.###....##......# #.#
.# #.# #....#.......# #.#
.####.# #.####.......###.#
......# #.# #..@PP####P.#
..##### #.# #.†._.......#
.########.# #...PP####P##
.......##.####..PP.P. ###
.###...##...##.......#
............###......#
.##.......>.# ########
.##.#.#.#...#
.##.....#...#


There were no monsters in sight!

Vanquished Creatures
  A sky beast (D:7)
  A hornet zombie (D:7)
  An orc warrior (D:7)
  An ice beast (D:7)
  2 phantoms
  4 necrophages (D:7)
  A centaur (D:5)
  2 bullfrogs (D:7)
  2 scorpions
  5 wights (D:6)
  3 crimson imps
  2 hounds
  2 jellies
  2 centaur skeletons
  An orc priest (D:6)
  An iguana (D:4)
  4 worker ants (D:4)
  3 orc wizards
  3 gnolls (D:6)
  4 adders
  A shadow imp (D:5)
  2 oozes
  2 adder zombies
  A worm (D:6)
  A leopard gecko (D:4)
  4 orcs
  2 giant cockroaches
  4 goblins (D:1)
  6 hobgoblins
  4 jackals (D:3)
  4 kobolds
  4 quokkas
  2 ball pythons (D:5)
  2 bats
  2 frilled lizards (D:2)
  A leopard gecko skeleton (D:6)
  A leopard gecko zombie (D:7)
  3 bushes (D:7)
  3 plants (D:7)
94 creatures vanquished.

Vanquished Creatures (others)
  5 plants (D:7)
  4 toadstools (D:1)
9 creatures vanquished.

Grand Total: 103 creatures vanquished

Notes
Turn   | Place    | Note
-------+----------+-------------------------------------------
     0 | D:1      | Flugslaktarn the Deep Dwarf Fighter began the quest for the
                  | Orb.
     0 | D:1      | Reached XP level 1. HP: 20/20 MP: 1/1
    60 | D:1      | Reached XP level 2. HP: 25/27 MP: 2/2
   328 | D:2      | Reached skill level 3 in Axes
   328 | D:2      | Reached XP level 3. HP: 25/33 MP: 3/3
   489 | D:4      | Reached XP level 4. HP: 24/42 MP: 4/4
   579 | D:4      | Found a transporter.
   579 | D:4      | Noticed utis's ghost (novice TeAM)
   583 | D:4      | Found a transporter.
   747 | D:4      | Reached skill level 4 in Axes
   747 | D:4      | Reached XP level 5. HP: 46/49 MP: 5/5
   948 | D:4      | Found a staircase to the Ecumenical Temple.
  1018 | D:4      | Reached XP level 6. HP: 54/56 MP: 5/5
  1060 | Temple   | Entered the Ecumenical Temple
  1355 | D:5      | Entered Level 5 of the Dungeon
  1474 | D:5      | Reached skill level 5 in Axes
  1694 | D:5      | Reached skill level 5 in Shields
  1694 | D:5      | Reached XP level 7. HP: 51/64 MP: 6/6
  1743 | D:5      | Reached skill level 5 in Armour
  1941 | D:6      | Reached skill level 6 in Axes
  2065 | D:6      | Reached XP level 8. HP: 58/73 MP: 7/7
  2557 | D:6      | Found a radiant altar of Vehumet.
  2557 | D:6      | Found a shattered altar of Ashenzari.
  2627 | D:7      | Reached skill level 7 in Axes
  2705 | D:7      | Reached skill level 5 in Fighting
  2938 | D:7      | Found a blossoming altar of Fedhas.
  3150 | D:7      | Reached skill level 8 in Axes
  3169 | D:7      | Gained mutation: You passively map the area around you.
                  | [Deep Dwarf growth]
  3169 | D:7      | Reached XP level 9. HP: 23/79 MP: 5/5
  3170 | D:7      | Quit the game

Levels and vault maps discovered:
D:1:      ldierk_water_garden, layout_loops_corners, st_stairs_13,
          minmay_ruptured
D:2:      layout_rooms, chequers_temple_overflow_minitemple
D:3:      layout_loops_cross, minmay_rat_hole, uniq_natasha
D:4:      layout_loops_ring, minmay_temple_entry_trees, first_ration,
          gammafunk_ghost_arena, grunt_decor_mini_mirrors
D:5:      layout_rooms, hex_medium, minivault_14, minmay_misc_feat_tiny
D:6:      layout_loops_ring, gammafunk_temple_overflow_statue
D:7:      layout_rooms, serial_glass, glass_columns_c, glass_columns_a,
          glass_columns_a, glass_columns_a, glass_columns_a, glass_columns_a,
          glass_columns_a, glass_columns_c, fedhas_altar_decomposition
Temple:   nicolae_temple_x_marks_the_god

Skill      XL: |  1  2  3  4  5  6  7  8 |
---------------+-------------------------+-----
Axes           | 3 4 5 6 8 |  8.5
Fighting       | 3 4 5 |  5.5
Armour         | 4 5 6 |  6.6
Shields        | 4 5 6 |  6.6

Action                   |  1- 3 |  4- 6 |  7- 9 || total
-------------------------+-------+-------+-------++-------
Melee: War axe           |    78 |   112 |   255 ||   445
 Abil: Heal Wounds       |       |     2 |     8 ||    10
  Use: Scroll            |     4 |       |       ||     4
  Eat: Chunk             |       |     3 |     2 ||     5
       Ration            |       |       |     1 ||     1
Armor: Scale mail        |    35 |       |       ||    35
       Chain mail        |       |    56 |    45 ||   101
       Plate armour      |       |       |   106 ||   106
Dodge: Dodged            |    27 |    28 |    42 ||    97
       Deflected         |       |     1 |     2 ||     3
Block: Kite shield       |    43 |    70 |   127 ||   240

Table legend:
 A = Non-vault XP
 B = Vault XP
 C = Vault XP percentage of total XP
 D = Non-vault monster count
 E = Vault monster count
 F = Vault count percentage of total count
                 A         B        C        D         E       F
            +---------+---------+-------+---------+---------+-------
      Total |    2282 |     625 |  21.5 |      78 |      10 |  11.4
            +---------+---------+-------+---------+---------+-------
        D:1 |      15 |       7 |  31.8 |       8 |       4 |  33.3
        D:2 |      31 |       0 |   0.0 |       8 |       0 |   0.0
        D:3 |      10 |       0 |   0.0 |       5 |       0 |   0.0
        D:4 |     371 |       0 |   0.0 |      14 |       0 |   0.0
        D:5 |     394 |       0 |   0.0 |      11 |       0 |   0.0
        D:6 |     607 |       0 |   0.0 |      18 |       0 |   0.0
        D:7 |     854 |     618 |  42.0 |      14 |       6 |  30.0
            +---------+---------+-------+---------+---------+-------
